 Dungeon Crawl Stone Soup version 0.28.0-1-gb440e238dd (webtiles) character file.

Game seed: 4110670761204557487

2 spaghetti the Sneak (level 1, -2/18 HPs)
             Began as a Demonspawn Delver on Feb 20, 2022.
             Slain by a gnoll (5 damage)
             ... on level 4 of the Dungeon.
             The game lasted 00:00:38 (187 turns).

spaghetti the Sneak (Demonspawn Delver)              Turns: 187, Time: 00:00:39

Health: -2/18      AC:  3    Str: 12    XL:     1   Next: 33%
Magic:  1/1        EV: 11    Int: 11    God:
Gold:   41         SH:  0    Dex: 14    Spells: 0/0 levels left

rFire   + . .      SeeInvis .   a - +0 mace
rCold   + . .      Faith    .   (no shield)
rNeg    . . .      Spirit   .   b - +0 leather armour
rPois   .          Reflect  .   (no helmet)
rElec   .          Harm     .   i - scarf {rC+ rF+}
rCorr   .          Rampage  .   (no gloves)
Will    .....                   (no boots)
Stlth   ++........              (no amulet)
HPRegen 0.06/turn               (no ring)
MPRegen 0.07/turn               (no ring)

@: studying Bows
A: no striking features
a: no special abilities


You were on level 4 of the Dungeon.
You visited 1 branch of the dungeon, and saw 3 of its levels.

You collected 41 gold pieces.

Inventory:

Hand Weapons
 a - a +0 mace (weapon)
Armour
 b - a +0 leather armour (worn)
 i - a scarf of resistance (worn)
Wands
 g - a wand of digging (3)
 j - a wand of acid (8)
Scrolls
 c - a scroll of fog
 d - a scroll of magic mapping
 e - a scroll of fear
 h - a scroll of identify {unknown}
Potions
 f - a potion of haste


   Skills:
 + Level 3.2 Fighting
 - Level 1.7 Maces & Flails
 - Level 1.7 Dodging
 - Level 4.5 Stealth
 + Level 0.0 Evocations


You couldn't memorise any spells.
You didn't know any spells.
Your spell library was empty.

Dungeon Overview and Level Annotations

Branches:
Dungeon (5/15)
 Temple: D:4-7

Altars:


Message History

The ball python constricts you.
The gnoll shouts!
You hit the ball python.
The ball python is heavily wounded.
You hear a shout!
The ball python closely misses you. The ball python constricts you.
The ball python closely misses you. The ball python constricts you.
A gnoll comes into view. It is wielding a +0 spear.
You closely miss the ball python.
The ball python is heavily wounded.
The ball python closely misses you. The ball python constricts you.
You closely miss the ball python.
The ball python is heavily wounded.
The ball python bites you but does no damage.
The ball python constricts you.
The ball python bites you but does no damage.
The ball python constricts you.
You barely miss the ball python.
The ball python is heavily wounded.
The ball python barely misses you. The ball python constricts you.
The gnoll hits you from afar with a +0 spear.
The ball python barely misses you. The ball python constricts you.
You escape the ball python's grasp.
The ball python misses you. The ball python grabs you.
The ball python constricts you.
You escape the ball python's grasp.
The ball python closely misses you. The ball python misses you.
The ball python bites you.
* * * LOW HITPOINT WARNING * * *
The ball python closely misses you.
There is a stone staircase leading down here.
The ball python barely misses you. The ball python grabs you.
You stop descending the stairs.
The ball python constricts you.
* * * LOW HITPOINT WARNING * * *
Unknown command.
Unknown command.
Unknown command.
You escape the ball python's grasp.
The gnoll hits you from afar with a +0 spear.
You die...

###..############## #.#
..........######## #.#
.########........##
#########.# ..#
########..###..<......#
#.#
#.######.............#
...
.........##..........#
####
#.#....g.......(....##
#......S.........>..#
#......@.........)###
#.................#
###.................#
..................).#
....................#
...................##
...........##......#
##..##########.###.#
#.# #.# #.#


You could see a gnoll and a ball python.

Vanquished Creatures
  A goblin (D:4)
  A kobold (D:4)
2 creatures vanquished.

Notes
Turn   | Place    | Note
-------+----------+-------------------------------------------
     0 | D:5      | spaghetti the Demonspawn Delver began the quest for the
                  | Orb.
     0 | D:5      | Reached XP level 1. HP: 18/18 MP: 1/1
    79 | D:5      | Noticed an orc wizard
   187 | D:4      | Slain by a gnoll

Illustrated notes

Levels and vault maps discovered:
D:3:      layout_basic
D:4:      layout_rooms
D:5:      nicolae_cairo_tiling_large, layout_basic,
          minmay_temple_entry_antechambers, nicolae_shop_fire_sale
          [nicolae_sub_dead_trees], lemuel_old_faithful

Action                   || total
-------------------------++-------
Melee: Mace              ||    12
 Stab: Sleeping          ||     2
Armor: Leather armour    ||     4
Dodge: Dodged            ||    12
